[Event "45th FIDE Olympiad 2024"]
[Site "Budapest"]
[Date "2024.09.15"]
[Round "5.55"]
[White "Sargissian, Gabriel"]
[Black "Hillarp Persson, Tiger"]
[Result "1-0"]
[ECO "E11"]
[WhiteElo "2646"]
[BlackElo "2457"]
[Annotator "TA"]
[PlyCount "91"]
[EventDate "2024.09.05"]
[EventType "team-tourn"]
[EventCountry "HUN"]
[SourceTitle "playchess.com"]
[Source "ChessBase"]
[SourceQuality "1"]
[WhiteTeam "Armenia"]
[BlackTeam "Sweden"]
[WhiteTeamCountry "ARM"]
[BlackTeamCountry "SWE"]
[TimeControl "40/5400+30:1800+30"]

1. d4 {[%emt 0:00:18] ChessBase II} Nf6 2. c4 e6 3. Nf3 d5 4. g3 Bb4+ 5. Bd2 Be7 6. Bg2 O-O 7. O-O c6 8. Qc2 Nbd7 9. Rc1 {[%emt 0:02:11] E11: Bogo-Indian.} a5 {[%emt 0:01:43] 9...a5 is better than 9...b6.} 10. a4 Ne4 11. Be3 g5 $146 ({Predecessor:} 11... f5 12. Nc3 Bd6 13. Rd1 Qe7 14. Rac1 Ndf6 15. Ne5 Bxe5 16. dxe5 Ng4 17. Bd4 c5 18. Nxe4 dxe4 {½-½ Aronian,L (2780)-Wei,Y (2706) Tata Steel-A 79th 2017 (2)}) 12. Ne1 Nd6 13. Na3 Nf5 14. Qd3 Nxe3 15. Qxe3 Nb6 16. b3 Bf6 17. Rd1 Bg7 18. Nf3 h6 19. h4 gxh4 20. Nxh4 Qg5 21. f4 Qf6 22. Nf3 Bd7 23. Nc2 (23. Qd3 $11) 23... Qg6 $1 $15 24. Nfe1 (24. c5 $11) 24... dxc4 $17 25. bxc4 Nxc4 26. Qf3 (26. Qd3 $142) 26... Rad8 $17 27. Rab1 b5 28. Nd3 (28. Kf2 $17 {keeps fighting.}) 28... b4 $19 (28... bxa4 29. Rbc1 $17) 29. Rbc1 Be8 $2 (29... c5 $1 $19 {has better winning chances.} 30. Nxc5 Nb2) 30. Nc5 Nb6 31. e3 Nd5 32. Na1 Nc3 33. Nab3 (33. Rd3 $15) 33... Nxd1 $17 34. Rxd1 Ra8 35. Bf1 Bf6 (35... Kh8 $17 36. Bd3 f5) 36. Bd3 $11 Qg7 37. Kf2 Ra7 (37... Be7 $11 {keeps the balance.}) 38. Rh1 $16 Bd7 (38... Be7 $6 39. Rh2 h5 (39... Bxc5 40. Nxc5 f5 41. Nxe6 $11) 40. Rxh5 $11 (40. Qxh5 f5 $11)) 39. g4 Bc8 $2 (39... Be7 $16 {was called for.}) 40. Rh5 $18 Rd8 $2 (40... e5 {was necessary.} 41. g5 (41. Qxc6 $2 exf4 42. Bf5 Bxf5 $19) (41. fxe5 Bxg4 42. exf6 Bxf3 $16) 41... Bd8 42. dxe5 (42. gxh6 Qg4 $11) (42. Rxh6 exf4 43. exf4 Be7 $18) 42... hxg5 43. Bh7+ (43. Qxc6 gxf4 44. exf4 Bg4 $18) (43. Rh7 Qxh7 44. Bxh7+ Kxh7 $18) 43... Qxh7 44. Rxh7 Kxh7) 41. Qh1 (41. Qxc6 Be7 $11 (41... Qxg4 42. Qh1 $11)) 41... Qxg4 42. Rxh6 Rd5 43. Be4 (43. Rxf6 Rh5 44. Rh6 (44. Qxc6 {leads to mate.} Rh2+ 45. Ke1 Qg3+ 46. Kd1 Qg1+) 44... Rxh1 $15) 43... Qg7 44. Rh7 $1 Qg4 {[%emt 0:00:22] [#]} 45. Qh6 $1 Rf5 {[%emt 0:01:48] [#]} ({Worse is} 45... Bg7 46. Rh8+ Bxh8 47. Bh7#) 46. Bf3 $1 (46. Bxf5 $2 {too greedy.} Qxf5 47. Nd2 Qxh7 $19) 1-0

[Event "45th FIDE Olympiad 2024"]
[Site "Budapest"]
[Date "2024.09.15"]
[Round "5.55"]
[White "Monther, Alfardan"]
[Black "Hassuji, Nurdin"]
[Result "1-0"]
[ECO "C96"]
[WhiteElo "1834"]
[BlackElo "1847"]
[PlyCount "111"]
[EventDate "2024.09.05"]
[EventType "team-tourn"]
[EventCountry "HUN"]
[WhiteTeam "Bahrain"]
[BlackTeam "Tanzania"]
[WhiteTeamCountry "BHN"]
[BlackTeamCountry "TAN"]
[TimeControl "40/5400+30:1800+30"]

1. e4 e5 2. Nf3 Nc6 3. Bb5 a6 4. Ba4 Nf6 5. O-O Be7 6. Re1 b5 7. Bb3 O-O 8. c3 d6 9. h3 Na5 10. Bc2 c5 11. d4 Nc6 12. Be3 Qc7 13. Nbd2 Rd8 14. Rc1 Bd7 15. Nf1 Rac8 16. Ng3 Na5 17. b3 c4 18. b4 Nb7 19. d5 a5 20. a3 Ra8 21. Nh2 axb4 22. axb4 Ra3 23. Bd2 Rda8 24. Qf3 Qc8 25. Qe3 Ra2 26. f4 h6 27. fxe5 dxe5 28. Kh1 Nh7 29. Nf5 Bg5 30. Qxg5 Nxg5 31. Ne7+ Kf8 32. Nxc8 Bxc8 33. h4 Nh7 34. Nf3 f6 35. Rf1 Ke7 36. Be3 Kd6 37. Ne1 Nf8 38. Bd1 Ng6 39. h5 Ne7 40. Nf3 f5 41. exf5 Nxd5 42. Bg1 Bxf5 43. Bh2 Ne3 44. Re1 Ng4 45. Bxe5+ Nxe5 46. Nxe5 Rf8 47. Bf3 Nd8 48. Rcd1+ Kc7 49. Rd5 Rc2 50. Rxb5 Rxc3 51. Rc5+ Kb6 52. Nxc4+ Rxc4 53. Rxc4 Kb5 54. Rf4 Nc6 55. Bxc6+ Kxc6 56. g4 1-0

[Event "45th FIDE Olympiad 2024"]
[Site "Budapest"]
[Date "2024.09.15"]
[Round "5.56"]
[White "Pantzar, Milton"]
[Black "Hovhannisyan, Robert"]
[Result "1/2-1/2"]
[ECO "D35"]
[WhiteElo "2437"]
[BlackElo "2619"]
[Annotator "TA"]
[PlyCount "49"]
[EventDate "2024.09.05"]
[EventType "team-tourn"]
[EventCountry "HUN"]
[SourceTitle "playchess.com"]
[Source "ChessBase"]
[SourceQuality "1"]
[WhiteTeam "Sweden"]
[BlackTeam "Armenia"]
[WhiteTeamCountry "SWE"]
[BlackTeamCountry "ARM"]
[TimeControl "40/5400+30:1800+30"]

1. d4 d5 2. c4 e6 3. Nc3 Nf6 4. cxd5 exd5 5. Bg5 c6 6. e3 Bf5 7. Qf3 Bg6 8. Bxf6 Qxf6 9. Qxf6 gxf6 10. h4 Nd7 11. h5 Bf5 12. h6 Rg8 {[%emt 0:01:42] White has an edge.} 13. Nge2 Rg6 14. Ng3 Be6 15. Bd3 Rxh6 16. Rxh6 Bxh6 17. f4 Nb6 $1 {[%emt 0:08:01] The position is equal.} 18. Kf2 Bf8 19. Rh1 h6 20. f5 Bd7 21. Nh5 Be7 22. Nf4 Bf8 23. Nh5 Be7 24. Nf4 Bf8 25. Nh5 {[%emt 0:08:38] Weighted Error Value: White=0.02 (flawless) /Black=0.00 (flawless) .  Inaccurate:     	White=1     	---        OK:         	White=6     	Black=7      Best:        	---       	Black=3      Strong:       	---       	Black=1} 1/2-1/2

[Event "45th FIDE Olympiad 2024"]
[Site "Budapest"]
[Date "2024.09.15"]
[Round "5.56"]
[White "Henry, Marwa Michael"]
[Black "Shaker, Musab"]
[Result "0-1"]
[ECO "D46"]
[WhiteElo "1715"]
[BlackElo "1757"]
[PlyCount "72"]
[EventDate "2024.09.05"]
[EventType "team-tourn"]
[EventCountry "HUN"]
[WhiteTeam "Tanzania"]
[BlackTeam "Bahrain"]
[WhiteTeamCountry "TAN"]
[BlackTeamCountry "BHN"]
[TimeControl "40/5400+30:1800+30"]

1. Nf3 d5 2. d4 Nf6 3. c4 e6 4. e3 c6 5. Nc3 Bd6 6. Bd3 Nbd7 7. e4 dxc4 8. Bxc4 b5 9. Bd3 e5 10. dxe5 Nxe5 11. Nxe5 Bxe5 12. h3 a6 13. O-O O-O 14. Qe2 Bb7 15. Be3 Qe7 16. Rac1 c5 17. f3 c4 18. Bb1 Nh5 19. Qc2 Qh4 20. Ne2 g5 21. Bf2 Bg3 22. Nxg3 Nxg3 23. e5 f5 24. exf6 Rf7 25. Rfe1 Qf4 26. Re7 Rxe7 27. fxe7 Qxc1+ 28. Qxc1 Ne2+ 29. Kf1 Nxc1 30. Be3 Nd3 31. Bxd3 cxd3 32. Bxg5 Bd5 33. f4 Kf7 34. f5 Rc8 35. f6 Rc2 36. Be3 Bxg2+ {0-} 0-1

[Event "45th FIDE Olympiad 2024"]
[Site "Budapest"]
[Date "2024.09.15"]
[Round "5.57"]
[White "Deac, Bogdan-Daniel"]
[Black "Makhnev, Denis"]
[Result "1/2-1/2"]
[ECO "C88"]
[WhiteElo "2680"]
[BlackElo "2551"]
[Annotator "TA"]
[PlyCount "100"]
[EventDate "2024.09.05"]
[EventType "team-tourn"]
[EventCountry "HUN"]
[SourceTitle "playchess.com"]
[Source "ChessBase"]
[SourceQuality "1"]
[WhiteTeam "Romania"]
[BlackTeam "Kazakhstan"]
[WhiteTeamCountry "ROU"]
[BlackTeamCountry "KAZ"]
[TimeControl "40/5400+30:1800+30"]

1. e4 e5 2. Nf3 Nc6 3. Bb5 a6 4. Ba4 Nf6 5. O-O Be7 6. Re1 b5 7. Bb3 O-O 8. h3 Bb7 9. d3 d6 10. a3 Nb8 {[%emt 0:13:57] is now debated instead of 10...Na5.} 11. Nbd2 {[%emt 0:15:53] C88: Closed Ruy Lopez: Anti-Marshall Systems.} Nbd7 12. Nf1 Nc5 13. Ba2 Ne6 14. b4 Re8 15. Ng3 Bf8 16. Ng5 $146 ({Predecessor:} 16. Bb2 g6 17. c4 Bg7 18. Rc1 Nd7 19. d4 exd4 20. Nxd4 Nxd4 21. Bxd4 Ne5 22. c5 dxc5 23. Rxc5 {½-½ Granda Zuniga,J (2612)-Ponomariov,R (2723) Zafra Ruy Lopez op 1st rapid 2007 (6)}) 16... Nxg5 17. Bxg5 h6 18. Bxf6 Qxf6 19. Re3 Qd8 $1 20. Qh5 d5 21. exd5 Bxd5 22. Bxd5 Qxd5 23. Ne4 Re6 24. Qf3 Qc6 25. c4 Rd8 26. Rae1 a5 27. bxa5 bxc4 28. dxc4 Qa4 29. Rd3 ({White should try} 29. Rb1 $11) 29... Rxd3 30. Qxd3 Qxa5 31. Ra1 Ra6 (31... Qa4 $15) 32. a4 Qb4 33. Qc2 f5 34. Ng3 g6 35. Nf1 Bc5 36. Qd2 Qxd2 (36... Rxa4 $2 {loses.} 37. Qd5+ (37. Rxa4 Bxf2+ 38. Kxf2 Qxa4 $18) 37... Kg7 38. Qd7+ (38. Qxe5+ Kf7 $18) (38. Rxa4 Bxf2+ 39. Kxf2 Qxa4 $18) 38... Kf6 39. Qc6+ (39. Rxa4 Qb6 $18) 39... Kf7 40. Rxa4 $18 (40. Qxa4 Qxa4 41. Rxa4 Be7 $18)) 37. Nxd2 Rd6 38. Ra2 Bb4 39. Nf1 (39. a5 $1 $11) 39... Kf7 $15 40. Ne3 Rc6 ({Black should play} 40... Ke6 $17 {And now ...f4 would win.} 41. g3 Ba5) 41. a5 $11 Bc5 42. Nd5 Ba7 43. Ra4 Ke6 44. a6 Kd7 45. Nc3 Kc8 46. Nb5 Kb8 47. Kf1 Rb6 48. f3 c6 49. Nxa7 Kxa7 50. Ra5 e4 (50... Rxa6 51. Rxe5 h5 52. c5 $14) 1/2-1/2

[Event "45th FIDE Olympiad 2024"]
[Site "Budapest"]
[Date "2024.09.15"]
[Round "5.57"]
[White "Mathurin, Nathaniel"]
[Black "Morazo, John Ranel"]
[Result "0-1"]
[ECO "A38"]
[WhiteElo "1982"]
[BlackElo "2200"]
[PlyCount "97"]
[EventDate "2024.09.05"]
[EventType "team-tourn"]
[EventCountry "HUN"]
[WhiteTeam "Saint Lucia"]
[BlackTeam "Palau"]
[BlackTeamCountry "PAL"]
[TimeControl "40/5400+30:1800+30"]

1. Nf3 Nf6 2. c4 g6 3. Nc3 c5 4. g3 Bg7 5. Bg2 O-O 6. O-O Nc6 7. a3 a6 8. b4 b6 9. bxc5 bxc5 10. Ne1 Rb8 11. Ra2 Na5 12. d3 d6 13. Bg5 h6 14. Bd2 Bd7 15. Nc2 Bc6 16. Bxc6 Nxc6 17. Qc1 Qd7 18. Kg2 Kh7 19. Nd5 Qb7 20. Bc3 Nd4 21. Rb2 Nb3 22. Rxb3 Qxb3 23. Nxf6+ Bxf6 24. Bxf6 exf6 25. Ne3 Qb2 26. Nd5 Qxc1 27. Rxc1 Kg7 28. Kf3 Rfc8 29. Rc2 f5 30. h4 Rb3 31. a4 Rcb8 32. Ra2 Kf8 33. a5 Rb2 34. Ra1 Rb1 35. Rxb1 Rxb1 36. Nc7 Ke7 37. h5 Kd7 38. Nd5 Ra1 39. hxg6 fxg6 40. e4 fxe4+ 41. Kxe4 Rxa5 42. g4 Ra1 43. f4 a5 44. f5 gxf5+ 45. gxf5 Rf1 46. f6 Ke6 47. Nc7+ Kxf6 48. Kd5 Ke7 49. Nb5 {0-} 0-1

[Event "45th FIDE Olympiad 2024"]
[Site "Budapest"]
[Date "2024.09.15"]
[Round "5.58"]
[White "Nogerbek, Kazybek"]
[Black "Shevchenko, Kirill"]
[Result "1/2-1/2"]
[ECO "D36"]
[WhiteElo "2519"]
[BlackElo "2673"]
[Annotator "TA"]
[PlyCount "119"]
[EventDate "2024.09.05"]
[EventType "team-tourn"]
[EventCountry "HUN"]
[SourceTitle "playchess.com"]
[Source "ChessBase"]
[SourceQuality "1"]
[WhiteTeam "Kazakhstan"]
[BlackTeam "Romania"]
[WhiteTeamCountry "KAZ"]
[BlackTeamCountry "ROU"]
[TimeControl "40/5400+30:1800+30"]

1. d4 d5 2. c4 e6 3. Nf3 Nf6 4. Nc3 c6 5. cxd5 exd5 6. Bg5 h6 7. Bh4 Be7 8. Qc2 Bg4 9. Ne5 {[%emt 0:05:58] Black must now prevent Bxf6.} Be6 10. e3 Nbd7 11. Nxd7 Qxd7 12. Bd3 O-O 13. O-O Rfe8 14. Rab1 Ng4 15. Bg3 Bd6 16. Ne2 Bxg3 17. Nxg3 Qd6 18. Be2 h5 19. Bxg4 Bxg4 20. h3 h4 $1 21. Nf5 Bxf5 22. Qxf5 a5 23. Rfe1 Re4 24. f3 Re6 25. Qg5 Qg3 26. Qxg3 hxg3 $15 {[%emt 0:00:02][%mdl 4096] Endgame. KRR-KRR} 27. e4 dxe4 28. Rxe4 Rd8 {[%emt 0:06:37] aiming for ...Rxe4.} 29. Rd1 {[%emt 0:07:59] [#]} c5 (29... Red6 $1 $17 {...f5 would now be deadly.} 30. Rg4 f5 31. Rxg3 Rxd4 32. Rxd4 Rxd4) 30. Kf1 $1 $11 Rb6 (30... Rxe4 31. fxe4 cxd4 (31... Rxd4 32. Rxd4 cxd4 33. Ke2 $11) 32. Ke2 $11) 31. b3 Rbd6 (31... a4 $5 32. bxa4 g6 $11) 32. Ke2 cxd4 33. Rc1 {[%emt 0:01:04] [#]} a4 $1 {[%emt 0:03:14] Hoping for ...axb3.} 34. b4 (34. Kd3 axb3) 34... f5 35. Re5 Rd5 36. Rxd5 {The position is equal.} Rxd5 {[%emt 0:00:01] KR-KR} 37. Rc8+ Kf7 {[%emt 0:00:25] And now ...Re5+ would win.} 38. Rc7+ Kf6 39. Rxb7 Re5+ 40. Kd2 $1 a3 41. Rb6+ Ke7 42. Rc6 (42. Kd3 Re1 (42... Re3+ 43. Kd2 $11) 43. Rg6 (43. Kxd4 Re2 $19) 43... Kf7 (43... Rd1+ 44. Kc2 $11) 44. Rxg3 Rb1) 42... g5 43. Rc5 Rxc5 44. bxc5 {[%emt 0:00:00] KP-KP} Ke6 45. Kd3 Kd5 46. c6 Kxc6 47. Kxd4 Kd6 48. Ke3 {[%emt 0:00:00] White threatens f4 and mate.} f4+ $1 49. Kd4 Ke6 50. Ke4 Kf6 51. h4 gxh4 {[%emt 0:00:07][%cal Oh4h3] ( -> ...h3!)} 52. Kxf4 {[%emt 0:00:05] Threatening mate with Kg4.} h3 $1 53. Kxg3 hxg2 54. Kxg2 {[%emt 0:00:07] KPP-KP} Kf5 55. Kf2 Kf4 56. Ke2 Kf5 57. Ke3 Ke5 58. Kd3 {[%emt 0:00:39] Kc4 would kill now.} Kf4 59. Kc3 {[%emt 0:00:06] White wants to mate with Kb3.} Kxf3 60. Kb3 {[%emt 0:00:04] Weighted Error Value: White=0.05 (flawless) /Black=0.06 (flawless) .  Mistake:       	---       	Black=1      Inaccurate:     	White=3     	Black=2      OK:         	White=19    	Black=29     Best:        	White=3     	Black=6      Strong:       	White=2     	Black=3} 1/2-1/2

[Event "45th FIDE Olympiad 2024"]
[Site "Budapest"]
[Date "2024.09.15"]
[Round "5.58"]
[White "Tan, Santiago Jr"]
[Black "Gabriel, Sixtus"]
[Result "0-1"]
[ECO "D10"]
[WhiteElo "1903"]
[BlackElo "1800"]
[PlyCount "94"]
[EventDate "2024.09.05"]
[EventType "team-tourn"]
[EventCountry "HUN"]
[WhiteTeam "Palau"]
[BlackTeam "Saint Lucia"]
[WhiteTeamCountry "PAL"]
[TimeControl "40/5400+30:1800+30"]

1. d4 d5 2. c4 c6 3. Nc3 Nf6 4. Bf4 dxc4 5. e4 e6 6. Bxc4 Qb6 7. Nge2 Be7 8. O-O O-O 9. Qc2 Nbd7 10. h3 Nh5 11. Be3 Qc7 12. e5 g6 13. Bh6 Re8 14. Qb3 Nb6 15. Ne4 Nd5 16. Rac1 Bf8 17. Bxf8 Rxf8 18. Bxd5 exd5 19. Nd2 Qe7 20. Qe3 f6 21. f4 Bd7 22. Rf3 Rae8 23. Rcf1 Qb4 24. Qc3 Qb6 25. Kh2 Ng7 26. b4 Qa6 27. Nc1 Bf5 28. Re1 h5 29. Rfe3 fxe5 30. Rxe5 Rxe5 31. Rxe5 Ne6 32. Qe3 Kf7 33. Nf3 Ke7 34. Nh4 Rf6 35. Nxf5+ gxf5 36. Ne2 h4 37. Ng1 Qf1 38. Nf3 Kd6 39. b5 Rg6 40. Nxh4 Nxf4 41. Qf3 Rxg2+ 42. Qxg2 Nxg2 43. Nxg2 f4 44. Rg5 f3 45. Nf4 Qf2+ 46. Kh1 Qe1+ 47. Kh2 Qd2+ {0-} 0-1

[Event "45th FIDE Olympiad 2024"]
[Site "Budapest"]
[Date "2024.09.15"]
[Round "5.59"]
[White "Nisipeanu, Liviu-Dieter"]
[Black "Zhalmakhanov, Ramazan"]
[Result "1/2-1/2"]
[ECO "C55"]
[WhiteElo "2580"]
[BlackElo "2497"]
[Annotator "TA"]
[PlyCount "55"]
[EventDate "2024.09.05"]
[EventType "team-tourn"]
[EventCountry "HUN"]
[SourceTitle "playchess.com"]
[Source "ChessBase"]
[SourceQuality "1"]
[WhiteTeam "Romania"]
[BlackTeam "Kazakhstan"]
[WhiteTeamCountry "ROU"]
[BlackTeamCountry "KAZ"]
[TimeControl "40/5400+30:1800+30"]

1. e4 e5 2. Nf3 Nc6 3. Bc4 Nf6 4. d3 Be7 5. O-O O-O 6. Nc3 d6 7. a3 Be6 8. Nd5 Bxd5 9. exd5 Nb8 {[%emt 0:00:05] White has an edge.} 10. Re1 c6 11. dxc6 bxc6 12. b4 Nbd7 13. Bb3 a5 14. Bd2 Qc7 15. c4 Rfe8 16. Qc2 c5 17. bxa5 Bd8 18. Ba4 Qc8 {[%emt 0:03:16] [#]} 19. a6 $1 Rxa6 (19... Re7 20. Bb5) 20. Bb5 Ra8 21. a4 Re7 22. Bg5 Re6 {[%emt 0:05:12] The position is equal.} 23. Bxf6 Nxf6 24. Ng5 Re7 25. Ne4 Re6 26. Ng5 Re7 27. Ne4 Re6 28. Ng5 {[%emt 0:03:06] Weighted Error Value: White=0.04 (flawless) /Black=0.04 (flawless) .  Inaccurate:     	White=1     	---        OK:         	White=12    	Black=9} 1/2-1/2

[Event "45th FIDE Olympiad 2024"]
[Site "Budapest"]
[Date "2024.09.15"]
[Round "5.59"]
[White "James, Justin"]
[Black "Salvadora, Angelo"]
[Result "1-0"]
[ECO "B07"]
[WhiteElo "1745"]
[BlackElo "1812"]
[PlyCount "63"]
[EventDate "2024.09.05"]
[EventType "team-tourn"]
[EventCountry "HUN"]
[WhiteTeam "Saint Lucia"]
[BlackTeam "Palau"]
[BlackTeamCountry "PAL"]
[TimeControl "40/5400+30:1800+30"]

1. e4 d6 2. d4 Nf6 3. Bd3 Bg4 4. f3 Bd7 5. Be3 e5 6. Ne2 Nh5 7. O-O Nc6 8. c3 Be7 9. d5 Nb8 10. Nd2 c6 11. c4 O-O 12. g4 Bg5 13. Bf2 Nf4 14. Nxf4 Bxf4 15. Kg2 Qg5 16. Nb3 h5 17. h3 b6 18. Nc1 g6 19. Ne2 hxg4 20. fxg4 Bxg4 21. hxg4 Qxg4+ 22. Ng3 Qg5 23. Rh1 f5 24. exf5 gxf5 25. Qh5 Qg7 26. Bxf5 Rxf5 27. Qxf5 Nd7 28. Qe6+ Kf8 29. Qxd6+ Kg8 30. dxc6 Nc5 31. c7 Ne4 32. Qd5+ 1-0

[Event "45th FIDE Olympiad 2024"]
[Site "Budapest"]
[Date "2024.09.15"]
[Round "5.60"]
[White "Ansat, Aldiyar"]
[Black "Parligras, Mircea-Emilian"]
[Result "0-1"]
[ECO "C65"]
[WhiteElo "2457"]
[BlackElo "2537"]
[Annotator "TA"]
[PlyCount "120"]
[EventDate "2024.09.05"]
[EventType "team-tourn"]
[EventCountry "HUN"]
[SourceTitle "playchess.com"]
[Source "ChessBase"]
[SourceQuality "1"]
[WhiteTeam "Kazakhstan"]
[BlackTeam "Romania"]
[WhiteTeamCountry "KAZ"]
[BlackTeamCountry "ROU"]
[TimeControl "40/5400+30:1800+30"]

1. e4 e5 2. Nf3 Nc6 3. Bb5 Nf6 4. d3 Bc5 5. Ba4 O-O 6. O-O {[%emt 0:00:06] C65: Ruy Lopez: Berlin Defence (3...Nf6), unusual lines and 4 0-0 Bc5.} d6 7. c3 Ne7 8. h3 Ng6 9. Bc2 d5 10. d4 Bb6 11. Bg5 $146 ({Predecessor:} 11. exd5 exd4 12. cxd4 Nxd5 13. Nc3 c6 14. Re1 Ndf4 15. Bxg6 Nxg6 16. d5 cxd5 17. Bg5 {½-½ Adams,M (2677)-Ponomariov,R (2646) Salamanca Masters 7th rapid 2024 (2)}) 11... dxe4 12. Nxe5 Nxe5 13. dxe5 Qxd1 14. Rxd1 Nd7 15. Bxe4 Nxe5 16. Nd2 Re8 17. Re1 c6 18. Bf4 f6 19. Bxe5 Rxe5 20. Nc4 Re6 21. Nxb6 axb6 22. Rad1 Kf7 23. g4 (23. Bxh7 g6 $17) 23... g6 24. a3 (24. Rd8 $2 f5 25. f3 (25. gxf5 $2 gxf5 26. f3 h6 $19) 25... h5 $19 (25... fxe4 26. Rxe4 Rxe4 27. fxe4 $19)) 24... Re7 25. f4 (25. Rd8 $2 f5 26. f3 (26. gxf5 $2 gxf5 27. f3 fxe4 $19) 26... fxe4 $19) 25... Ra4 26. Bc2 (26. Rd4 $2 Rxd4 27. cxd4 f5 28. gxf5 Bxf5 29. Bxf5 Rxe1+ 30. Kf2 Rh1 $19 (30... Rd1 $2 31. Bc8 $19)) 26... Rxe1+ 27. Rxe1 Rxf4 28. Kg2 f5 29. g5 h6 30. gxh6 $2 (30. Bb3+ $15 Kf8 31. Rd1 (31. gxh6 Rh4 $17)) 30... Rh4 $2 (30... Be6 $1 $19 {aiming for ...Bd5+.} 31. Rd1 (31. Kg3 $2 g5 $19) 31... Rh4) 31. Bb3+ $15 Kf8 32. Rd1 Ke7 33. Re1+ Kf8 34. Rd1 Ke7 35. Re1+ Kd8 36. Bf7 Rxh6 37. Re8+ Kc7 38. Rg8 f4 39. Bxg6 Bxh3+ (39... Rxh3 $2 {loses.} 40. Rxc8+ Kxc8 41. Kxh3 $18) 40. Kf3 Be6 41. Rg7+ Kd6 42. Kxf4 Rh2 43. Rxb7 Rxb2 44. Ke3 Kc5 45. Be4 Bc4 46. Bd3 Bd5 47. Ra7 b5 48. Ra6 Ra2 49. Be4 (49. Be2 $11) 49... Bxe4 $17 50. Kxe4 Rh2 51. Kd3 {[%emt 0:00:36] [#]} Rh4 $1 52. Ra8 {[%emt 0:05:30] [#]} Rh3+ $1 53. Kc2 Kc4 54. Rc8 c5 ({Don't play} 54... Rxc3+ $6 55. Kb2 Kd4 56. Rd8+ Kc4 57. Rc8 Rb3+ 58. Ka2 $11) 55. Rg8 (55. Kb2 $142) 55... Rh2+ 56. Kc1 Kb3 ({Resist} 56... Kxc3 57. Rg3+ Kc4 58. Rf3 $15) 57. Rb8 $2 (57. c4 $17) 57... Kxc3 58. Kb1 b4 59. axb4 c4 60. Rh8 Rxh8 0-1

[Event "45th FIDE Olympiad 2024"]
[Site "Budapest"]
[Date "2024.09.15"]
[Round "5.60"]
[White "Mahor Jr, Manuel"]
[Black "Daniel, Cyrus"]
[Result "1/2-1/2"]
[ECO "D02"]
[WhiteElo "1759"]
[BlackElo "1759"]
[PlyCount "76"]
[EventDate "2024.09.05"]
[EventType "team-tourn"]
[EventCountry "HUN"]
[WhiteTeam "Palau"]
[BlackTeam "Saint Lucia"]
[WhiteTeamCountry "PAL"]
[TimeControl "40/5400+30:1800+30"]

1. d4 d5 2. Nf3 Nf6 3. Bf4 c5 4. e3 Nc6 5. c3 Qb6 6. Qc1 Bf5 7. Nbd2 e6 8. Nh4 cxd4 9. exd4 Rc8 10. Nxf5 exf5 11. Nb3 Be7 12. Bd3 g6 13. O-O O-O 14. h3 Rfe8 15. Re1 Bf8 16. Bg5 Rxe1+ 17. Qxe1 Re8 18. Qd2 Ne4 19. Bxe4 fxe4 20. Re1 Nd8 21. Bxd8 Qxd8 22. f3 exf3 23. Rxe8 Qxe8 24. gxf3 Qe6 25. Kg2 Qf5 26. Nc5 Bd6 27. Nd3 g5 28. Qe3 Kg7 29. b3 b5 30. b4 h6 31. a3 Kf8 32. h4 Kg7 33. hxg5 hxg5 34. Ne5 Qc2+ 35. Kh3 Qf5+ 36. Kg2 Qc2+ 37. Kh3 Qf5+ 38. Kg2 Qc2+ 1/2-1/2

[Event "45th FIDE Olympiad 2024"]
[Site "Budapest"]
[Date "2024.09.15"]
[Round "5.61"]
[White "Garcia Pantoja, Roberto"]
[Black "Rodshtein, Maxim"]
[Result "1/2-1/2"]
[ECO "B52"]
[WhiteElo "2550"]
[BlackElo "2600"]
[Annotator "TA"]
[PlyCount "88"]
[EventDate "2024.09.05"]
[EventType "team-tourn"]
[EventCountry "HUN"]
[SourceTitle "playchess.com"]
[Source "ChessBase"]
[SourceQuality "1"]
[WhiteTeam "Colombia"]
[BlackTeam "Israel"]
[WhiteTeamCountry "COL"]
[BlackTeamCountry "ISR"]
[TimeControl "40/5400+30:1800+30"]

1. e4 c5 2. Nf3 d6 3. Bb5+ Bd7 4. Bxd7+ Nxd7 5. O-O e6 6. Qe2 Ngf6 7. c3 Be7 8. d4 O-O 9. e5 Ne8 10. Qe4 {[%emt 0:03:38] B52: Sicilian: Moscow Variation with 3...Bd7.} cxd4 11. cxd4 dxe5 12. dxe5 Nc5 13. Qg4 Qd3 14. Nc3 Nc7 (14... f5 $5 15. Qg3 Qa6 $16) 15. Rd1 Qf5 16. Qc4 $146 ({Predecessor:} 16. Qxf5 exf5 17. Be3 Rfd8 18. Nd4 g6 19. Ndb5 Nxb5 20. Nxb5 Nd3 21. b3 a6 22. Bb6 axb5 23. Bxd8 Rxd8 {0-1 Warmerdam,M (2506)-Abdusattorov,N (2627) Titled Tuesday intern op 30th June blitz 2020 (3)}) 16... Rfc8 17. Be3 N5a6 18. Rd7 (18. Rac1 $14) 18... Bf8 $11 19. Qh4 h6 (19... Nb8 $1 $11 20. Rd4 Nc6) 20. a3 Nc5 (20... Nb8 $11 {might be stronger.} 21. Rdd1 Nc6) 21. Bxc5 $1 $14 Bxc5 22. Rad1 (22. h3 {with more complications.} Qc2 23. Rf1 Rab8 24. Qf4) 22... Bf8 23. h3 Na6 $1 24. Ne4 Nc5 25. Ng3 Qc2 26. R7d2 Qg6 27. Rd4 Rc7 28. b4 (28. Rd8 $1 $14 Rxd8 29. Qxd8) 28... Be7 $11 29. Qf4 Na4 30. Qd2 Rc2 {[%emt 0:01:36] [#]} (30... Nc3 $11 31. Rc1 Rac8) 31. Qe1 $1 $16 Nc3 {[%emt 0:00:32] [#]} 32. R1d2 (32. Rg4 $1 $16 Bg5 33. Rd7) 32... Rxd2 $11 33. Qxd2 Nd5 34. Rg4 Qb1+ 35. Kh2 Kh7 36. Nh5 g6 37. Nf4 Rd8 38. Nxd5 Rxd5 39. Qc3 Qd3 (39... Bd8 {simplifies} 40. Rd4 Rxd4 41. Qxd4 Bb6) 40. Qc8 Rd7 (40... Qxa3 41. Qe8 (41. Qxb7 Qd3 $18) 41... Qd3 42. Qxf7+ (42. Qxe7 Rd7 $18) 42... Kh8 43. Qe8+ (43. Qxe7 Rd8 44. Qf6+ Kg8 45. Rxg6+ Qxg6 46. Qxg6+ Kf8 47. Qf6+ Ke8 48. Qxe6+ Kf8) 43... Kh7 44. Qxe7+ Kg8 45. Qxe6+ Kg7 46. Qf6+ Kg8 47. Rxg6+ (47. Qxg6+ Qxg6 48. Rxg6+ Kf8 $18) (47. Qxg6+ Qxg6 48. Rxg6+ Kf8 $18)) 41. Qe8 Kg7 42. Nd4 Rxd4 43. Qxe7 Rxg4 44. hxg4 Qxa3 1/2-1/2

[Event "45th FIDE Olympiad 2024"]
[Site "Budapest"]
[Date "2024.09.15"]
[Round "5.61"]
[White "Hasford, John Kojo"]
[Black "Moncur, Cecil"]
[Result "1/2-1/2"]
[ECO "A41"]
[WhiteElo "1956"]
[BlackElo "1839"]
[PlyCount "70"]
[EventDate "2024.09.05"]
[EventType "team-tourn"]
[EventCountry "HUN"]
[WhiteTeam "Ghana"]
[BlackTeam "Bahamas"]
[WhiteTeamCountry "GHA"]
[BlackTeamCountry "BAH"]
[TimeControl "40/5400+30:1800+30"]

1. d4 g6 2. Nf3 Bg7 3. c4 d6 4. Nc3 Nc6 5. Bf4 e5 6. dxe5 Nxe5 7. Nxe5 dxe5 8. Qxd8+ Kxd8 9. O-O-O+ Bd7 10. Bg5+ f6 11. Bd2 c6 12. Ne4 Kc7 13. Bb4 Rd8 14. Bd6+ Kc8 15. Ba3 Kc7 16. e3 Bf8 17. Nd6 Be6 18. Ne4 Rxd1+ 19. Kxd1 Bxa3 20. bxa3 b6 21. Be2 Bf5 22. Nc3 Ne7 23. e4 Be6 24. Kc2 Rd8 25. f3 Nc8 26. Nd1 Rd4 27. Ne3 Nd6 28. Kc3 Nb7 29. Rd1 Rxd1 30. Bxd1 Kd6 31. Kb4 a5+ 32. Kc3 Kc5 33. g3 Nd6 34. Be2 h6 35. Bd3 h5 1/2-1/2